 Dungeon Crawl Stone Soup version 0.27-a0-1154-gfdeffcb720 (webtiles) character file.

Game seed: 12813459229374256941

92 freelancePsychic the Sneak (level 4, -3/29 HPs)
             Began as a Kobold Delver on May 15, 2021.
             Slain by Crazy Yiuf
             ... wielding a +4 quarterstaff of chaos
              (12 damage)
             ... on level 2 of the Dungeon.
             The game lasted 00:04:56 (1782 turns).

freelancePsychic the Sneak (Kobold Delver)          Turns: 1782, Time: 00:04:57

Health: -3/29      AC:  3    Str:  9    XL:     4   Next: 90%
Magic:  2/4        EV: 14    Int: 12    God:
Gold:   107        SH:  0    Dex: 16    Spells: 3/3 levels left

rFire    . . .     SeeInvis .   a - +0 short sword
rCold    . . .     Faith    .   (shield restricted)
rNeg     . . .     Spirit   .   b - +0 leather armour
rPois    .         Reflect  .   (no helmet)
rElec    .         Harm     .   (no cloak)
rCorr    .         Rampage  .   (no gloves)
Will     .....                  (no boots)
Stlth    ++++......             (no amulet)
HPRegen  0.09/turn              (no ring)
MPRegen  0.09/turn              (no ring)

@: hasted, very quick
A: small, no large weapons, nightstalker 3
a: no special abilities


You were on level 2 of the Dungeon.
You visited 1 branch of the dungeon, and saw 5 of its levels.

You collected 107 gold pieces.

Inventory:

Hand Weapons
 a - a +0 short sword (weapon)
Missiles
 h - 7 poisoned darts (quivered)
Armour
 b - a +0 leather armour (worn)
Magical Staves
 k - a staff of death
Jewellery
 m - a +4 ring of evasion
Wands
 g - a wand of digging (3)
Scrolls
 c - a scroll of fog
 e - 2 scrolls of blinking {unknown}
 i - a scroll of acquirement {unknown}
 l - a scroll of noise {unknown}
 n - a scroll of enchant armour {unknown}
 o - a scroll of teleportation {unknown}
Potions
 d - a potion of attraction {unknown}
 j - a potion of degeneration {unknown}
 p - a potion of resistance {unknown}
 q - a potion of might {unknown}


   Skills:
 + Level 4.1 Fighting
 + Level 3.9 Short Blades
 - Level 3.1 Dodging
 + Level 7.4 Stealth


You had 3 spell levels left.
You didn't know any spells.
Your spell library was empty.

Dungeon Overview and Level Annotations

Branches:
Dungeon (5/15)
 Temple: D:4-7

Altars:

Shops:
D:4 ?

Annotations:
D:2 Crazy Yiuf
D:4 Blork the orc


Innate Abilities, Weirdness & Mutations

You are small and have problems with some larger weapons.
You are completely attuned to the shadows.


Message History

Done exploring.
(D) Dungeon
Where to? (Enter - D:1, ? - help)
There is a stone staircase leading down here.
You climb downwards.
There is a stone staircase leading up here.
Things that are here:
a jackal skeleton; a bat skeleton Jessica the Apprentice Sorceress comes into view.
She is wielding a +0 dagger.
The helpless Jessica fails to defend herself.
You impale Jessica!!
You kill Jessica!
Things that are here:
a +0 dagger; a +0 robe
Things that are here:
a +0 dagger; a +0 robe
There is a stone staircase leading up here.
Found a short sword.
Found a runed translucent door.
Found a mace.
You open the door.
There is an open translucent door here.
Crazy Yiuf shouts!
You hit Crazy Yiuf but do no damage.
Crazy Yiuf whimpers, "Aardvark sanguine green!"
Crazy Yiuf hits you with a +4 quarterstaff of chaos!
You feel your power leaking away.
Crazy Yiuf yells, "Tosser!
Line tea horse."
There is an open translucent door here.
You feel yourself speed up. Crazy Yiuf barely misses you.
You hit Crazy Yiuf.
Crazy Yiuf is lightly wounded.
Crazy Yiuf hits you with a +4 quarterstaff of chaos!
Crazy Yiuf freezes you.
You hit Crazy Yiuf but do no damage.
Crazy Yiuf is lightly wounded.
You barely miss Crazy Yiuf.
Crazy Yiuf is lightly wounded.
Crazy Yiuf hits you with a +4 quarterstaff of chaos!
You die...

## #.
#####+####....###.#<.
.#
#.........####....#.#
.# ###########
#.####.# .# #.# #.#
.# ##### #.####.# .#
#)..# #....... ##
#...# #######. #.g.#
#. ##@## #. ♣.♣♣ #.
♣♣.♣ #. ♣.♣♣ ### #.
♣♣.♣ #.# #. ♣♣.♣♣
#.##### #. ♣♣...♣
#.....#####. ♣....♣
#..##.#..... ##..##
#..##.#.####


You could see Crazy Yiuf.

Vanquished Creatures
  A jelly (D:4)
  Jessica (D:2)
  2 orcs (D:3)
  5 ball pythons
  5 bats
  2 endoplasms (D:1)
  A giant cockroach (D:3)
  2 goblins (D:1)
  A hobgoblin (D:4)
  6 jackals
  A kobold (D:1)
  2 frilled lizards (D:1)
  A jackal skeleton (D:4)
  2 rats
32 creatures vanquished.

Notes
Turn   | Place    | Note
-------+----------+-------------------------------------------
     0 | D:5      | freelancePsychic the Kobold Delver began the quest for the
                  | Orb.
     0 | D:5      | Reached XP level 1. HP: 14/14 MP: 1/1
    14 | D:5      | Noticed an iguana
    20 | D:4      | Noticed Blork the orc
    45 | D:4      | Noticed a jelly
    49 | D:4      | Killed a jelly
    50 | D:4      | Reached skill level 7 in Stealth
    50 | D:4      | Reached XP level 2. HP: 20/20 MP: 2/2
    50 | D:4      | Reached XP level 3. HP: 24/24 MP: 3/3
    78 | D:4      | Noticed a scorpion
   135 | D:4      | Found Tuxylo's Magic Scroll Emporium.
   135 | D:4      | Noticed a scorpion
   808 | D:2      | Reached XP level 4. HP: 29/29 MP: 4/4
   888 | D:1      | Found a faded altar of an unknown god.
  1623 | D:2      | Noticed Jessica
  1627 | D:2      | Killed Jessica
  1770 | D:2      | Found a runed translucent door.
  1773 | D:2      | Noticed Crazy Yiuf
  1782 | D:2      | Slain by Crazy Yiuf

Illustrated notes

Levels and vault maps discovered:
D:1:      wander_arrival_desolate, layout_rooms,
          chequers_ecumenical_altar_simple
D:2:      layout_basic, uniq_crazy_yiuf_cottage, uniq_jessica
D:3:      minmay_evil_eye, layout_basic
D:4:      mumra_celtic_spiral_tile, layout_cave_pools, lemuel_tele_altar,
          minmay_temple_entry_water_ring, serial_shops, shop, minmay_ruptured,
          uniq_natasha, uniq_menkaure, uniq_blork_the_orc
D:5:      minmay_goblin_kobold_castle, layout_rooms, gup_sewer_entry_glass,
          ebering_ghost_rock_garden, uniq_pikel, uniq_ijyb, uniq_duvessa

Skill      XL: |  1  2  3  4 |
---------------+-------------+-----
Short Blades   | 3 |  3.9
Dodging        | 3 |  3.1
Stealth        | 7 |  7.4
Fighting       | 4 |  4.1

Action                   |  1- 3 |  4- 6 || total
-------------------------+-------+-------++-------
Melee: Short sword       |    56 |    44 ||   100
  Use: Scroll            |     2 |       ||     2
       Potion            |       |     1 ||     1
 Stab: Sleeping          |     8 |     9 ||    17
Armor: Leather armour    |    11 |     3 ||    14
Dodge: Dodged            |    35 |    22 ||    57

Table legend: (Time is in decaauts)
 A = Elapsed time spent in this place.
 B = Non-inter-level travel time spent in this place.
 C = Inter-level travel time spent in this place.
 D = Time resting spent in this place.
 E = Time spent auto-exploring this place.
 F = Levels seen in this place.
 G = Mean time per level.
                   A        B        C        D        E       F      G
               +--------+--------+--------+--------+--------+-----+--------+
         Total |   1773 |   1752 |     21 |    343 |    840 |   5 |  354.6 |
       Dungeon |   1773 |   1752 |     21 |    343 |    840 |   5 |  354.6 |
               +--------+--------+--------+--------+--------+-----+--------+

Top non-repeatable levels by time:
     D:1: 678 daAuts
     D:3: 549 daAuts
     D:2: 394 daAuts
     D:4: 131 daAuts
     D:5: 20 daAuts
